 Dungeon Crawl Stone Soup version 0.28.0 (webtiles) character file.

Game seed: 7994475654354699504

84 browni3141 the Chopper (level 4, -1/61 HPs)
             Began as a Minotaur Berserker on Feb 15, 2022.
             Was a Believer of Trog.
             Slain by a gnoll (2 damage)
             ... on level 3 of the Dungeon.
             The game lasted 00:01:20 (2474 turns).

browni3141 the Chopper (Minotaur Berserker)         Turns: 2474, Time: 00:01:21

Health: -1/61      AC:  2    Str: 21    XL:     4   Next: 24%
Magic:  3/3        EV: 12    Int:  4    God:    Trog [**....]
Gold:   68         SH:  3    Dex: 12    Spells: 3/3 levels left

rFire   . . .      SeeInvis .   a - +0 hand axe
rCold   . . .      Faith    .   j - +0 buckler
rNeg    . . .      Spirit   .   b - +0 animal skin
rPois   .          Reflect  .   (helmet restricted)
rElec   .          Harm     .   (no cloak)
rCorr   .          Rampage  .   (no gloves)
Will    .....                   (no boots)
Stlth   ..........              (no amulet)
HPRegen 0.20/turn               (no ring)
MPRegen 0.08/turn               (no ring)

@: berserking, very quick
A: horns 2, retaliatory headbutt
a: Renounce Religion, Berserk, Trog's Hand


You were on level 3 of the Dungeon.
You worshipped Trog.
Trog was pleased with you.
You visited 1 branch of the dungeon, and saw 3 of its levels.

You collected 68 gold pieces.

Inventory:

Hand Weapons
 a - a +0 hand axe (weapon)
Armour
 b - a +0 animal skin (worn)
 j - a +0 buckler (worn)
Scrolls
 d - a scroll of torment {unknown}
 f - a scroll of identify {unknown}
 g - a scroll of teleportation {unknown}
 i - a scroll of noise {unknown}
Potions
 c - 4 potions of heal wounds {unknown}
 e - a potion of lignification {unknown}
 h - a potion of brilliance {unknown}


   Skills:
 + Level 4.3 Fighting
 + Level 4.3 Axes
 + Level 3.4 Armour
 + Level 3.1 Dodging
 * Level 0.3 Shields


You had 3 spell levels left.
You didn't know any spells.
Your spell library was empty.

Dungeon Overview and Level Annotations

Branches:
Dungeon (3/15)

Altars:


Innate Abilities, Weirdness & Mutations

You have a pair of horns on your head.
You reflexively headbutt those who attack you in melee.


Message History

The gnoll sergeant closely misses you. The gnoll hits you with a +0 whip!
The gnoll closely misses you. The gnoll barely misses you.
You furiously retaliate!
You headbutt the gnoll!
You kill the gnoll!
Trog accepts your kill.
You hit the gnoll. Your headbutt misses the gnoll.
The gnoll is lightly wounded.
The gnoll sergeant barely misses you. The gnoll closely misses you.
The gnoll hits you from afar with a +0 spear.
The gnoll sergeant closely misses you. The gnoll hits you with a +0 whip.
The gnoll hits you but does no damage.
Things that are here:
a +0 whip; a gnoll corpse You hit the gnoll sergeant but do no damage.
The gnoll sergeant blocks your attack.
You hit the gnoll. You closely miss the gnoll.
The gnoll sergeant hits you with a +5 trident of flaming!
* * * LOW HITPOINT WARNING * * *
The gnoll sergeant burns you.
* * * LOW HITPOINT WARNING * * *
The gnoll barely misses you. The gnoll hits you with a +0 spear.
* * * LOW HITPOINT WARNING * * *
Unknown command.
A red film seems to cover your vision as you go berserk!
You feel yourself moving faster!
You feel mighty! You block the gnoll sergeant's attack.
The gnoll closely misses you. x2
You hit the gnoll sergeant but do no damage.
You headbutt the gnoll sergeant.
The gnoll sergeant is lightly wounded.
You slash the gnoll! x2; You block the gnoll sergeant's attack.
You block the gnoll's attack. The gnoll hits you with a +0 spear!
* * * LOW HITPOINT WARNING * * *
The gnoll sergeant blocks your attack.
The gnoll sergeant is lightly wounded.
You hit the gnoll.
You kill the gnoll!
Trog accepts your kill.
You hit the gnoll but do no damage. You block the gnoll sergeant's attack.
The gnoll hits you with a +0 spear.
You die...

.## #
....#########.#
......g.).$<..####
#...g@.?.........
...>.########......
### .##### #


You could see a gnoll sergeant and a gnoll.

Vanquished Creatures
  3 gnolls
  An adder (D:2)
  A worm (D:2)
  A dart slug (D:2)
  An orc (D:2)
  A ball python (D:1)
  4 bats (D:2)
  9 endoplasms
  2 giant cockroaches (D:2)
  4 goblins
  A hobgoblin (D:2)
  3 jackals (D:1)
  4 quokkas
  A frilled lizard (D:1)
  6 kobolds
  4 rats
46 creatures vanquished.

Notes
Turn   | Place    | Note
-------+----------+-------------------------------------------
     0 | D:1      | browni3141 the Minotaur Berserker began the quest for the
                  | Orb.
     0 | D:1      | Reached XP level 1. HP: 19/19 MP: 0/0
   217 | D:1      | Reached XP level 2. HP: 23/27 MP: 1/1
   896 | D:1      | Reached XP level 3. HP: 9/33 MP: 2/2
  1502 | D:2      | Reached ** piety under Trog
  2052 | D:2      | Reached XP level 4. HP: 40/40 MP: 3/3
  2464 | D:3      | Noticed a gnoll sergeant
  2473 | D:3      | HP: 1/61 [gnoll (8)]
  2474 | D:3      | Slain by a gnoll

Illustrated notes

Levels and vault maps discovered:
D:1:      dpeg_arrival_water_temple_mockup, layout_basic
D:2:      layout_basic
D:3:      layout_loops_ring, ebering_ecumenical_altar_petrified,
          palyth_stone_intersect, minmay_puff

Skill      XL: |  1  2  3 |
---------------+----------+-----
Fighting       | 4 |  4.3
Axes           | 4 |  4.3
Armour         | 3 |  3.4
Dodging        | 3 |  3.1
Shields        | |  0.3

Action                   |  1- 3 |  4- 6 || total
-------------------------+-------+-------++-------
Melee: Hand axe          |    90 |    14 ||   104
       Headbutt          |    20 |     1 ||    21
Invok: Berserk           |     1 |     1 ||     2
 Stab: Sleeping          |       |     1 ||     1
Armor: Animal skin       |    15 |     1 ||    16
Dodge: Dodged            |    58 |    17 ||    75
Block: Buckler           |       |     4 ||     4
